 Dungeon Crawl Stone Soup version 0.29.1-13-g9f3cf754e1 (webtiles) character file.

Game seed: 16922574865174651876

163 promet the Sneak (level 5, -2/36 HPs)
             Began as an Octopode Brigand on Feb 9, 2023.
             Slain by an ogre
             ... wielding a +0 giant spiked club
              (27 damage)
             ... on level 4 of the Dungeon.
             The game lasted 00:13:48 (3200 turns).

promet the Sneak (Octopode Brigand)                 Turns: 3200, Time: 00:13:49

Health: -2/36      AC:  1    Str: 10    XL:     5   Next: 44%
Magic:  5/5        EV: 12    Int: 15    God:
Gold:   132        SH:  4    Dex: 18    Spells: 4/4 levels left

rFire   . . .      SeeInvis .   a - +4 dagger (speed)
rCold   x . .      Faith    .   f - +0 buckler of the Valley of Death {rPois rF- Regen+ Dex+4}
rNeg    . . .      Spirit   .   (helmet restricted)
rPois   +          Reflect  .   (no amulet)
rElec   .          Harm     .   h - ring of fire
rCorr   .          Rampage  .   (no ring)
Will    .....                   (no ring)
Stlth   +++++.....              (no ring)
HPRegen 0.92/turn               (no ring)
MPRegen 0.09/turn               (no ring)
                                (no ring)
                                (no ring)

@: no status effects
A: almost no armour, amphibious, 8 rings, camouflage 1, gelatinous body 1,
(nimble swimmer 1), tentacles
a: no special abilities


You were on level 4 of the Dungeon.
You visited 1 branch of the dungeon, and saw 4 of its levels.

You collected 132 gold pieces.

Inventory:

Hand Weapons
 a - a +4 dagger of speed (weapon)
 b - a +0 sling
 k - a +2 dagger
 u - a +2 flail of holy wrath
Missiles
 c - 3 curare-tipped darts
 e - 4 boomerangs
 o - 16 stones
 t - 6 poisoned darts (quivered)
Armour
 f - the +0 buckler of the Valley of Death (worn) {rPois rF- Regen+ Dex+4}
   (You acquired it on level 4 of the Dungeon)

   Dex:       It affects your dexterity (+4).
   rF:        It makes you vulnerable to fire.
   rPois:     It protects you from poison.
   Regen:     It increases your rate of health regeneration.
Jewellery
 h - a ring of fire (left tentacle)
Scrolls
 g - a scroll of poison {unknown}
 j - a scroll of butterflies
 m - a scroll of enchant armour
 s - a scroll of fear
Potions
 d - 3 potions of might
 i - 2 potions of lignification
 v - a potion of attraction


   Skills:
 * Level 3.1 Fighting
 + Level 2.6 Short Blades
 + Level 2.2 Throwing
 + Level 1.3 Dodging
 + Level 7.6 Stealth


You had 4 spell levels left.
You didn't know any spells.
Your spell library was empty.

Dungeon Overview and Level Annotations

Branches:
Dungeon (4/15)
 Temple: D:4-7

Altars:
Ashenzari
Xom

Shops:
D:1 !


Innate Abilities, Weirdness & Mutations

You cannot wear most types of armour.
You are amphibious.
You can wear up to eight rings at the same time.
Your skin changes colour to match your surroundings (Stealth+).
Your rubbery body absorbs attacks. (AC +1, EV +1)
((You are camouflaged when in or above water. (Stealth+)))
You have tentacles for arms and can constrict up to eight enemies at once.


Message History

The ogre is poisoned.
The ogre shouts!
An orc comes into view. It is wielding a +0 club.
Throw: 9 darts (poison)
Press: ? - help, Q - select action, (/) - cycle Shift-Dir - straight line, f/p - ogre
Aim: an ogre, wielding a +0 giant spiked club (lightly wounded, poisoned, 77% to hit)
You throw a poisoned dart. The poisoned dart hits the ogre.
The ogre looks even sicker.
The ogre is lightly wounded.
The orc shouts!
An orc comes into view. It is wielding a +0 whip.
Throw: 8 darts (poison)
Press: ? - help, Q - select action, (/) - cycle Shift-Dir - straight line, f/p - ogre
Aim: an ogre, wielding a +0 giant spiked club (lightly wounded, very poisoned, 77% to hit)
You throw a poisoned dart. The poisoned dart hits the ogre.
The ogre looks even sicker.
The ogre is lightly wounded.
Things that are here:
a +0 dagger; a goblin corpse You hear the quick rusting of a very distant drain.
A giant cockroach comes into view.
The giant cockroach moves out of view.
The ogre looks more healthy.
There is a stone staircase leading down here.
Throw: 7 darts (poison)
Press: ? - help, Q - select action, (/) - cycle Shift-Dir - straight line, f/p - ogre
Aim: an ogre, wielding a +0 giant spiked club (severely wounded, 77% to hit)
You throw a poisoned dart. The poisoned dart hits the ogre!
The ogre is poisoned.
The ogre is severely wounded.
The ogre attacks as you move away!
The ogre hits you with a +0 giant spiked club!
The giant cockroach attacks as you move away!
The giant cockroach bites you.
The giant cockroach bites you but does no damage.
The giant cockroach bites you but does no damage.
The ogre attacks as you move away!
The ogre hits you with a +0 giant spiked club!!
Ouch! That really hurt!
You die...

#######... #........#
###........# ..........# #
#........###### #..
#........##.<.## ....
#........#..)..###......
#.......)....O..#..#....
###............B@.#.......
....................##....
.#####.#..................
..!..#.####....o..........
####.#.# #...............
#.#.# #....(..........
#...# #...............
#####..# ##.....)........
...##..####............###


You could see an ogre (very poisoned), an orc and a giant cockroach.

Vanquished Creatures
  A bullfrog (D:4)
  3 adders (D:2)
  An ufetubus (D:4)
  A dart slug (D:2)
  2 orcs (D:4)
  8 endoplasms
  3 giant cockroaches (D:3)
  9 goblins
  8 hobgoblins
  8 kobolds
  A quokka (D:3)
  5 ball pythons
  5 bats
  5 frilled lizards
  2 rats
62 creatures vanquished.

Vanquished Creatures (others)
  2 plants (D:1)
2 creatures vanquished.

Grand Total: 64 creatures vanquished

Notes
Turn   | Place    | Note
-------+----------+-------------------------------------------
     0 | D:1      | promet the Octopode Brigand began the quest for the Orb.
     0 | D:1      | Reached XP level 1. HP: 14/14 MP: 1/1
   140 | D:1      | Reached XP level 2. HP: 10/20 MP: 2/2
   600 | D:1      | Reached skill level 6 in Stealth
   908 | D:1      | Found Jitz's Distillery.
   971 | D:2      | Reached XP level 3. HP: 25/25 MP: 3/3
  1443 | D:2      | Found a shimmering altar of Xom.
  1671 | D:2      | Reached XP level 4. HP: 30/30 MP: 4/4
  2117 | D:3      | Reached skill level 7 in Stealth
  2541 | D:3      | Found a broken altar of Ashenzari.
  2843 | D:4      | Noticed a bullfrog
  3041 | D:4      | Killed a bullfrog
  3042 | D:4      | Reached XP level 5. HP: 23/36 MP: 5/5
  3078 | D:4      | Identified a scroll of acquirement
  3078 | D:4      | Acquired the +0 buckler of the Valley of Death {rPois rF-
                  | Regen+ Dex+4}
  3155 | D:4      | Noticed an ogre
  3200 | D:4      | Slain by an ogre

Illustrated notes

Levels and vault maps discovered:
D:1:      eino_arrival_water_cross, layout_rooms, serial_shops,
          nicolae_lakefront_shop, st_stairs_6, chequers_serial_rivers_room_a,
          minmay_misc_feat_x
D:2:      layout_basic, basic_altar
D:3:      layout_rooms, lemuel_coloured_pillars_altar, nicolae_eternal_life
D:4:      layout_rooms, cheibrodos_sewer_entry_bend, nrook_mini_vaults

Skill      XL: |  1  2  3  4 |
---------------+-------------+-----
Stealth        | 6 7 |  7.6
Fighting       | 3 |  3.1
Short Blades   | |  2.6
Throwing       | |  2.2
Dodging        | |  1.3

Action                   |  1- 3 |  4- 6 || total
-------------------------+-------+-------++-------
Melee: Dagger            |    52 |    33 ||    85
       Tentacles         |    10 |     5 ||    15
       Constrict         |     7 |     8 ||    15
Throw: Dart              |     6 |     7 ||    13
       Boomerang         |     1 |       ||     1
  Use: Scroll            |     4 |     9 ||    13
       Potion            |       |     4 ||     4
 Stab: Sleeping          |    18 |     8 ||    26
       Distracted        |     1 |       ||     1
Armor: Skin              |     4 |     3 ||     7
Dodge: Dodged            |    18 |    14 ||    32
